 Dungeon Crawl Stone Soup version 0.16.0-8-gd9ae3a8 (console) character file.

200 gw the Cudgeler (level 5, -13/44 HPs)
             Began as a Minotaur Summoner on Mar 16, 2015.
             Mangled by an ogre
             ... wielding a +0 giant spiked club
              (17 damage)
             ... on level 4 of the Dungeon.
             The game lasted 00:03:06 (3470 turns).

gw the Cudgeler (Minotaur Summoner)                 Turns: 3470, Time: 00:03:06

Health: -13/44     AC:  9    Str: 10      XL:     5   Next: 49%
Magic:  1/4        EV:  5    Int: 11 (12) God:
Gold:   119        SH:  0    Dex: 11 (12) Spells: 1 memorised, 5 levels left

rFire  . . .     SeeInvis .     b - +1 mace
rCold  . . .     Rnd*Rage +     n - +0 chain mail
rNeg   . . .     SustAb   .     (no shield)
rPois  .         Gourm    .     (helmet restricted)
rElec  .         Spirit   .     (no cloak)
rCorr  .         Warding  .     (no gloves)
rMut   .         Stasis   .     (no boots)
MR     .....                    i - amulet of faith
Stlth  ..........               (no ring)
                                (no ring)

@: lethally poisoned (-13 -> -15), contaminated, glowing, not resistant to
hostile enchantments, extremely unstealthy
A: retaliatory headbutt, horns 2, berserk 1, deterioration 1, weak 1
a: no special abilities


You were on level 4 of the Dungeon.
You were not hungry.

You visited 1 branch of the dungeon, and saw 4 of its levels.

You collected 119 gold pieces.

Inventory:

Hand weapons
 b - a +1 mace (weapon)
Missiles
 k - 59 stones (quivered)
 l - 7 poisoned needles
Armour
 n - a +0 chain mail (worn)
Jewellery
 i - an amulet of faith (around neck)
Scrolls
 d - a scroll of blinking
 e - 3 scrolls of remove curse
Potions
 h - a potion of magic
Books
 c - a book of Callings

   Spells                             Type                      Level
   a - Summon Small Mammal            Summoning                    1
   b - Call Imp                       Summoning                    2
   c - Call Canine Familiar           Summoning                    3
   d - Summon Guardian Golem          Hexes/Summoning              4
   e - Summon Lightning Spire         Summoning/Air                4
   f - Summon Ice Beast               Ice/Summoning                4
Comestibles
 j - a beef jerky


   Skills:
 + Level 2.8 Fighting
 * Level 3.6 Maces & Flails
 + Level 2.0 Throwing
 + Level 2.8 Armour
 - Level 2.1 Dodging
 - Level 1.5 Stealth
 - Level 1.3 Spellcasting
 - Level 2.9 Summonings


You had 5 spell levels left.
You knew the following spells:

 Your Spells              Type           Power        Failure   Level  Hunger
a - Summon Small Mammal   Summ           #...         100%        1    ##.....


Dungeon Overview and Level Annotations

Branches:
Dungeon (4/15)
 Temple: D:4-7

Altars:
Makhleb
Qazlal
Xom

Annotations:
D:2 exclusion: downstairs
D:3 Grinder


Innate Abilities, Weirdness & Mutations

You reflexively headbutt those who attack you in melee.
You have a pair of horns on your head.
You tend to lose your temper in combat.
Your body is slowly deteriorating.
You are weak. (Str -2)


Message History

A bat comes into view.
You feel sick.
Unknown command.
Unknown command.
Unknown command.
MOVING TO (-1,5)
A giant mite, an orc and an orc wizard come into view.
The orc shouts!
The orc wizard shouts!
Unknown command.
Unknown command.
Unknown command.
Casting: Summon Small Mammal
Confirm with . or Enter, or press ? or * to list all spells.
You miscast Summon Small Mammal.
A fistful of eyes flickers past your view.
You feel sick. The bat completely misses you. You furiously retaliate!
You headbutt the bat!
You kill the bat!
The ogre hits you with a giant spiked club!
You die...

#..##.###..# #..##.#
#..# #..##.###..#
#..##..##..#
#..###.##..#
#..........#
#.#.##.##a##
###........O#####...
+..........H....oos.
###....#.#.######...
#.#.##.#.#
#.####.#.# #.# ..#.#
#.# ###. #.# #. #.#
#. #.. .


You could see an ogre, a worker ant, an orc wizard, a giant mite and an orc.

Table legend:
 A = Turns spent in this place as a percentage of turns spent in the entire game.
 B = Non-inter-level travel turns spent in this place as a percentage of non-inter-level travel turns spent in the entire game.
 C = Inter-level travel turns spent in this place as a percentage of turns spent in this place.
 D = Turns resting spent in this place as a percentage of non-inter-level travel turns spent in this place.
 E = Turns spent auto-exploring this place as a percentage of non-inter-level travel turns spent in this place.
 F = Non-inter-level travel turns spent in this place divided by the number of levels of this place that you've seen.
                   A       B       C       D       E      F
               +-------+-------+-------+-------+-------+----------------------
         Total | 100.0 | 100.0 |   0.3 |   1.6 |   1.9 | 1363.2
       Dungeon | 100.0 | 100.0 |   0.3 |   1.6 |   1.9 | 1363.2
               +-------+-------+-------+-------+-------+----------------------

Table legend:
 A = Kills in this place as a percentage of kills in entire the game.
 B = Kills by you in this place as a percentage of kills by you in the entire game.
 C = Kills by friends in this place as a percentage of kills by friends in the entire game.
 D = Other kills in this place as a percentage of other kills in the entire game.
 E = Experience gained in this place as a percentage of experience gained in the entire game.
 F = Experience gained in this place divided by the number of levels of this place that you have seen.
                   A       B       C       D       E      F
               +-------+-------+-------+-------+-------+----------------------
         Total | 100.0 | 100.0 | 100.0 |  -nan | 100.0 |  71.8
       Dungeon | 100.0 | 100.0 | 100.0 |  -nan | 100.0 |  71.8
               +-------+-------+-------+-------+-------+----------------------

Vanquished Creatures
  The ghost of derpyturtle the Insei, an average DrMo of Yredelemnul (D:3)
  Terence (D:2)
  3 adders
  5 worms
  2 oozes (D:2)
  2 orcs
  4 giant cockroaches
  5 goblins
  3 hobgoblins
  3 kobolds
  A ball python (D:2)
  3 bats
  A giant newt (D:2)
  6 rats
40 creatures vanquished.

Vanquished Creatures (collateral kills)
  An adder (D:2)
  A giant cockroach (D:1)
  A hobgoblin (D:1)
  3 kobolds (D:1)
  2 rats
8 creatures vanquished.

Vanquished Creatures (others)
  4 bats
  10 rats
14 creatures vanquished.

Grand Total: 62 creatures vanquished

Notes
Turn   | Place    | Note
--------------------------------------------------------------
     0 | D:1      | gw, the Minotaur Summoner, began the quest for the Orb.
     0 | D:1      | Reached XP level 1. HP: 14/14 MP: 2/2
   487 | D:1      | You fall through a shaft!
   501 | D:2      | Reached skill level 1 in Fighting
   501 | D:2      | Reached skill level 1 in Armour
   501 | D:2      | Reached XP level 2. HP: 15/23 MP: 0/2
   920 | D:2      | Reached skill level 1 in Maces & Flails
   920 | D:2      | Reached XP level 3. HP: 14/29 MP: 0/3
  1296 | D:2      | Noticed Terence
  1310 | D:2      | Killed Terence
  1310 | D:2      | Reached skill level 1 in Throwing
  1505 | D:2      | Found a stormy altar of Qazlal.
  1910 | D:2      | Found a burning altar of Makhleb.
  2030 | D:3      | Reached XP level 4. HP: 36/36 MP: 0/4
  2165 | D:3      | Found a shimmering altar of Xom.
  2165 | D:3      | Noticed Grinder
  2268 | D:3      | Gained mutation: You tend to lose your temper in combat. [mutagenic glow]
  2754 | D:3      | Gained mutation: Your body is slowly deteriorating. [mutagenic glow]
  2770 | D:3      | Noticed derpyturtle's ghost (average DrMo)
  2862 | D:3      | Killed derpyturtle's ghost
  2862 | D:3      | Reached skill level 3 in Maces & Flails
  2862 | D:3      | Reached XP level 5. HP: 23/42 MP: 0/4
  2885 | D:3      | Gained mutation: You are weak. (Str -2) [mutagenic glow]
  3445 | D:4      | Noticed an ogre
  3470 | D:4      | Mangled by an ogre

Action                   |  1- 3 |  4- 6 || total
-------------------------+-------+-------++-------
Melee: Club              |     5 |       ||     5
       Unarmed           |     2 |       ||     2
       Whip              |    38 |       ||    38
       Mace              |    16 |    67 ||    83
Throw: Stone             |    27 |    22 ||    49
 Cast: Summon Small Mamm |    35 |       ||    35
  Use: Scroll            |     6 |     5 ||    11
       Potion            |     4 |     1 ||     5
 Stab: Distracted        |     1 |       ||     1
  Eat: Bread ration      |     1 |       ||     1
       Chunk             |     1 |     7 ||     8

Vault maps used:
D:1:      grunt_arrival_lava_bath, minmay_misc_feat_diagonals, ashenzari_altar_1
D:2:      lightli_temple_of_fire, lemuel_crystal_altar,
          nicolae_overflow_hidden_temple, minmay_liquid_box, uniq_terence
D:3:      xom_teletrap_fun, uniq_grinder
D:4:      fedhas_altar_3, nemelex_deck, tso_metal_star, lemuel_blue_sif_altar,
          first_bread, grunt_dithmenos_smoke_and_mirrors
